 Dungeon Crawl Stone Soup version 0.24.1 (webtiles) character file.

Game seed: 247279110260694629, levelgen mode: deterministic

70 Destapler the Chucker (level 4, 0/38 HPs)
             Began as a Minotaur Hunter on Apr 4, 2020.
             Slain by a gnoll
             ... wielding a cursed +0 flail
              (7 damage)
             ... on level 2 of the Dungeon.
             The game lasted 00:03:43 (1639 turns).

Destapler the Chucker (Minotaur Hunter)             Turns: 1639, Time: 00:03:43

Health: 0/38       AC:  8    Str: 18    XL:     4   Next: 3%
Magic:  3/3        EV:  8    Int:  8    God:
Gold:   157        SH:  0    Dex: 10    Spells: 3/3 levels left

rFire    . . .     SeeInvis .   a - +0 short sword
rCold    . . .     Gourm    .   (no shield)
rNeg     . . .     Faith    .   g - +0 chain mail
rPois    .         Spirit   .   (helmet restricted)
rElec    .         Reflect  .   (no cloak)
rCorr    .         Harm     .   (no gloves)
MR       .....                  (no boots)
Stlth    ..........             (no amulet)
HPRegen  0.12/turn              (no ring)
MPRegen  0.08/turn              (no ring)

@: no status effects
A: retaliatory headbutt, horns 2
a: no special abilities


You were on level 2 of the Dungeon.
You were not hungry.

You visited 1 branch of the dungeon, and saw 3 of its levels.

You collected 157 gold pieces.

Inventory:

Hand Weapons
 a - a +0 short sword (weapon)
Missiles
 c - 3 javelins (quivered)
 d - 2 throwing nets
Armour
 b - a +0 leather armour
 g - a +0 chain mail (worn)
Scrolls
 j - 3 scrolls of immolation
 l - a scroll of amnesia {unknown}
 p - a scroll of remove curse {unknown}
 s - a scroll of enchant weapon {unknown}
Potions
 e - a potion of invisibility {unknown}
 h - a potion of haste {unknown}
 m - a potion of lignification {unknown}
 n - 2 potions of agility {unknown}
 o - a potion of ambrosia {unknown}
 q - a potion of mutation {unknown}
 r - a potion of flight {unknown}
Comestibles
 f - 5 rations


   Skills:
 + Level 3.4 Fighting
 + Level 4.5 Throwing
 + Level 1.3 Armour
 - Level 3.0 Dodging
 - Level 1.0 Stealth


You had 3 spell levels left.
You didn't know any spells.
Your spell library was empty.

Dungeon Overview and Level Annotations

Branches:
Dungeon (3/15)

Altars:


Innate Abilities, Weirdness & Mutations

You reflexively headbutt those who attack you in melee.
You have a pair of horns on your head.


Message History

The gnoll hits you but does no damage.
The crimson imp hits you but does no damage.
You barely miss the crimson imp.
The crimson imp is lightly wounded.
The crimson imp hits you but does no damage.
The gnoll closely misses you.
You hit the gnoll but do no damage. Your headbutt misses the gnoll.
The crimson imp hits you but does no damage.
You barely miss the gnoll.
You feel sick.
You are no longer poisoned.
The gnoll hits you with a cursed +0 flail!
* * * LOW HITPOINT WARNING * * *
The crimson imp closely misses you.
You closely miss the gnoll. The gnoll hits you but does no damage.
The crimson imp blinks!
Your chain mail prevents you from hitting the gnoll.
You headbutt the gnoll.
The gnoll is moderately wounded.
The gnoll hits you with a cursed +0 flail!
You die...

##.## #.# #÷# #.# #.# #.#
#.# #.# #.# #5# #.# #.#
###.### #.# #.....# #.#
######.#.#.#####@#######
................g......##
######.#.#.###########..#
#.....############.# #
###......#.......#.# #
########.......#.# #
###..≈≈≈..#.# #
#.÷÷.≈≈≈..'.# #
###########.#..≈≈≈..###


You could see a gnoll and a crimson imp.

Vanquished Creatures
  An adder (D:2)
  2 oozes
  4 worms (D:2)
  A dart slug (D:2)
  A giant cockroach (D:1)
  6 goblins
  3 hobgoblins
  5 kobolds
  2 quokkas (D:2)
  7 bats
  3 frilled lizards
  4 rats
39 creatures vanquished.

Notes
Turn   | Place    | Note
-------+----------+-------------------------------------------
     0 | D:1      | Destapler the Minotaur Hunter began the quest for the Orb.
     0 | D:1      | Reached XP level 1. HP: 18/18 MP: 0/0
   217 | D:1      | Reached skill level 1 in Stealth
   220 | D:1      | Reached XP level 2. HP: 24/25 MP: 1/1
   969 | D:2      | Reached XP level 3. HP: 22/31 MP: 2/2
  1167 | D:2      | Reached skill level 1 in Armour
  1305 | D:2      | Reached XP level 4. HP: 37/38 MP: 3/3
  1639 | D:2      | Slain by a gnoll

Levels and vault maps discovered:
D:1:      minmay_arrival_floating_metal, layout_loops_corners
D:2:      kennysheep_big_flooded_room, layout_loops_ring, first_ration,
          kennysheep_generic_room_11
D:3:      layout_loops_ring, elyvilon_altar_4, lemuel_doored_altar,
          portal_sewer_entry_c

Skill      XL: |  1  2  3 |
---------------+----------+-----
Stealth        | 1 |  1.0
Fighting       | 3 |  3.4
Armour         | 1 |  1.3
Dodging        | 3 |  3.0
Throwing       | |  4.5

Action                   |  1- 3 |  4- 6 || total
-------------------------+-------+-------++-------
Melee: Short sword       |    95 |    18 ||   113
       Headbutt          |    15 |     1 ||    16
Throw: Javelin           |       |     3 ||     3
  Use: Scroll            |       |     3 ||     3
 Stab: Sleeping          |     2 |       ||     2
  Eat: Chunk             |     1 |     1 ||     2
Armor: Leather armour    |     4 |       ||     4
       Chain mail        |    35 |    11 ||    46
Dodge: Dodged            |    39 |    13 ||    52
